 Dungeon Crawl Stone Soup version 0.30.1-6-gbe392663c4 (webtiles) character file.

Game seed: 14520220147257340688

8109 boopmooplesden the Protected (level 11, 0/139 (142) HPs)
             Began as an Armataur Fighter on Sept 21, 2023.
             Was a Priest of Trog.
             Slain by Erica
             ... wielding a +1 scimitar of flaming
              (9 damage)
             ... on level 8 of the Dungeon.
             The game lasted 00:11:11 (8140 turns).

boopmooplesden the Protected (Armataur Fighter)     Turns: 8140, Time: 00:11:13

HP:   0/139 (142)   AC: 14    Str: 26    XL:     11   Next: 5%
MP:   9/9           EV:  5    Int:  8    God:    Trog [***...]
Gold: 497           SH: 14    Dex: 10    Spells: 10/10 levels left

rFire   + . .        m - +2 flail (drain)
rCold   . . .        z - +0 tower shield
rNeg    . . .        s - +0 chain mail
rPois   .            (helmet restricted)
rElec   .            d - +0 cloak
rCorr   +            (no gloves)
SInv    .            (no barding)
Will    .....        (no amulet) Stlth
                     l - ring of resist corrosion
HPRegen 0.43/turn    (no ring)
MPRegen 0.11/turn

%: roll
@: berserking, lethally poisoned (0 -> -11), lightly drained, very quick
A: large, rugged brown scales 3, deformed body, armoured tail, roll, long
tongue, awkward tongue, beak, iridescent scales 1, thin skeletal structure 1,
clumsy 1, fire resistance 1, low MP 1, inability to read after injury 1
a: Renounce Religion, Berserk, Trog's Hand


You were on level 8 of the Dungeon.
You worshipped Trog.
Trog was most pleased with you.
You visited 2 branches of the dungeon, and saw 9 of its levels.

You collected 497 gold pieces.

Inventory:

Hand Weapons
 a - a +0 flail
 m - a +2 flail of draining (weapon)
 p - a +3 flail
Missiles
 i - 30 boomerangs (quivered)
 t - 11 silver javelins
Armour
 b - a +0 scale mail
 c - a +0 buckler
 d - a +0 cloak (worn)
 s - a +0 chain mail (worn)
 z - a +0 tower shield (worn)
Jewellery
 g - a +6 ring of strength
 j - a +6 ring of intelligence
 l - a ring of resist corrosion (left hand)
 x - a +5 ring of evasion
 A - a +6 ring of intelligence
 E - an amulet of faith
Wands
 y - a wand of digging (4)
 F - a wand of mindburst (5)
 G - a wand of quicksilver (5)
Scrolls
 h - a scroll of fog
 o - a scroll of blinking
 r - 6 scrolls of identify
 w - 2 scrolls of amnesia
 H - a scroll of teleportation
 I - a scroll of magic mapping
Potions
 e - a potion of brilliance
 f - a potion of flight
 k - a potion of resistance
 n - 2 potions of might
 q - a potion of curing
 u - a potion of magic {unknown}
 v - 3 potions of heal wounds
 B - a potion of lignification {unknown}
 C - a potion of ambrosia {unknown}
 D - a potion of berserk rage {unknown}


   Skills:
 + Level 6.2 Fighting
 + Level 10.2 Maces & Flails
 + Level 0.6 Throwing
 + Level 10.6 Armour
 + Level 2.6 Dodging
 + Level 1.3 Stealth
 + Level 8.3 Shields


You had 10 spell levels left.
You didn't know any spells.
Your spell library contained the following spells:

 Spells                   Type           Power      Damage    Failure   Level
 Lesser Beckoning         Tloc           0%         N/A       100%        2
 Gell's Gravitas          Tloc           0%         N/A       100%        3
 Teleport Other           Tloc           0%         N/A       100%        3
 Summon Forest            Summ/Tloc      0%         N/A       100%        5
 Eringya's Noxious Bog    Tmut/Pois      0%         N/A       100%        6
 Summon Hydra             Summ           0%         N/A       100%        7


Dungeon Overview and Level Annotations

Branches:
Dungeon (8/15)             Temple (1/1) D:4
   Lair: D:8-11

Altars:
Cheibriados
Dithmenos
Elyvilon
Fedhas
Gozag
Hepliaklqana
Makhleb
Nemelex Xobeh
Okawaru
Qazlal
Ru
Trog
Uskayaw
Vehumet
Xom
Yredelemnul
Zin

Shops:
D:2 ?   D:3 =

Annotations:
D:8 Erica


Innate Abilities, Weirdness & Mutations

You are completely covered in rugged brown scales. (AC +3, +7% HP)
Armour fits poorly on your strangely shaped body.
You have a long armoured tail.
You roll when moving toward enemies. (Rampage)
Your long tongue fully drains potion bottles. (2x potion effects)
Your tongue gives you trouble enunciating. (1.5x scroll delay)
You have a beak for a mouth.
You are partially covered in iridescent scales. (AC +2)
You have a somewhat thin skeletal structure. (Dex +2, Stealth+)
You are clumsy. (Dex -2)
Your flesh is heat resistant. (rF+)
Your magical capacity is low. (-10% MP)
You occasionally lose the ability to read scrolls when taking damage.


Message History

You block the orc's attack. Something hits you! Something burns you.
You closely miss something.
You feel very sick. You block the orc's attack. Something hits you!
Something burns you.
You closely miss something.
You feel sick.
You hit something. You peck something!
Your tail-slap misses something.
You feel sick. Something hits you.
* * * LOW HITPOINT WARNING * * *
The orc hits you with a +0 whip.
* * * LOW HITPOINT WARNING * * *
You barely miss something. You peck something!
You feel sick. The orc barely misses you.
You hear some strange, mumbled words.
A bolt of poison appears from out of thin air!
The bolt of poison hits you.
You are more poisoned.
* * * LOW HITPOINT WARNING * * *
You barely miss something.
You feel very sick. You block the orc's attack. Something hits you!
* * * LOW HITPOINT WARNING * * *
Something burns you.
* * * LOW HITPOINT WARNING * * *
You closely miss something. Your peck misses something.
* * * LOW HITPOINT WARNING * * *
You feel very sick.
You sock something!
* * * LOW HITPOINT WARNING * * *
You feel very sick.
You hear some strange, mumbled words.
Something tries to affect you, but you resist.
The orc hits you but does no damage.
You bludgeon something!! Your peck misses something.
Your tail-slap misses something.
* * * LOW HITPOINT WARNING * * *
You feel very sick. The orc hits you with a +0 whip.
* * * LOW HITPOINT WARNING * * *
Something hits you!
You die...

#. #.# ##.# #..## #...#
..######## ##....
........##########.....
#.{.................
#.o@................
##....)..)...........
............)).........
.................(....#.
##....................##
####..................#
#................#.#
##.....(.........#..
#..................


You could see an orc.

Vanquished Creatures
  A two-headed ogre (D:7)
  A boulder beetle (D:7)
  A cyclops (D:7)
  2 ugly things (D:7)
  2 manticores
  3 trolls
  A hornet (D:7)
  A slime creature (D:7)
  A steam dragon (D:7)
  2 wraiths (D:7)
  Eustachio (D:4)
  Menkaure (D:5)
  3 water moccasins
  2 orc warriors
  3 sky beasts
  An ogre (D:4)
  2 ice beasts (D:6)
  3 centaurs
  A phantom (D:7)
  2 kobold brigands (D:7)
  A bullfrog (D:4)
  5 scorpions
  9 wights
  2 howler monkeys
  Crazy Yiuf (D:2)
  5 hounds
  3 orc priests (D:7)
  3 jellies
  Jessica (D:2)
  A sleepcap (D:7)
  Terence (D:2)
  2 gnoll boudas (D:6)
  2 iguanas (D:6)
  7 orc wizards
  10 adders
  6 gnolls
  3 white imps
  2 ufetubi
  4 worms
  4 dart slugs
  26 orcs
  12 ball pythons
  2 bats
  9 endoplasms
  2 giant cockroaches
  4 goblins
  6 hobgoblins
  13 kobolds
  3 quokkas
  2 frilled lizards (D:1)
  5 rats
190 creatures vanquished.

Notes
Turn   | Place    | Note
-------+----------+-------------------------------------------
     0 | D:1      | boopmooplesden the Armataur Fighter began the quest for the
                  | Orb.
     0 | D:1      | Reached XP level 1. HP: 19/19 MP: 1/1
   179 | D:1      | Reached XP level 2. HP: 27/27 MP: 2/2
   861 | D:2      | Reached XP level 3. HP: 24/33 MP: 3/3
   913 | D:2      | Found a hazy altar of Hepliaklqana.
  1203 | D:2      | Found a runed translucent door.
  1204 | D:2      | Noticed Crazy Yiuf
  1253 | D:2      | Noticed Terence
  1265 | D:2      | Killed Terence
  1268 | D:2      | Reached XP level 4. HP: 15/37 MP: 4/4
  1548 | D:2      | Found Biten's Magic Scroll Shop.
  1707 | D:2      | Noticed Jessica
  1710 | D:2      | Killed Jessica
  1920 | D:2      | Killed Crazy Yiuf
  1921 | D:2      | Reached XP level 5. HP: 9/48 MP: 5/5
  1925 | D:2      | Gained mutation: Your magical capacity is low. (-10% MP)
                  | [potion of mutation]
  1925 | D:2      | Gained mutation: You have a somewhat thin skeletal
                  | structure. (Dex +2, Stealth+) [potion of mutation]
  1925 | D:2      | Gained mutation: You occasionally lose the ability to read
                  | scrolls when taking damage. [potion of mutation]
  1925 | D:2      | Gained mutation: You have a beak for a mouth. [potion of
                  | mutation]
  1925 | D:2      | Gained mutation: You are clumsy. (Dex -2) [potion of
                  | mutation]
  1925 | D:2      | Gained mutation: Your flesh is heat resistant. (rF+)
                  | [potion of mutation]
  1925 | D:2      | Gained mutation: You are partially covered in iridescent
                  | scales. (AC +2) [potion of mutation]
  2407 | D:3      | Reached skill level 5 in Armour
  2709 | D:3      | Found Dagin's Jewellery Shop.
  2781 | D:3      | Reached skill level 1 in Dodging
  2820 | D:3      | Found a faded altar of an unknown god.
  2931 | D:4      | Reached XP level 6. HP: 51/54 MP: 5/5
  3257 | D:4      | Found a staircase to the Ecumenical Temple.
  3286 | Temple   | Entered the Ecumenical Temple
  3306 | Temple   | Became a worshipper of Trog the Wrathful
  3371 | D:4      | Noticed Eustachio
  3407 | D:4      | Killed Eustachio
  3408 | D:4      | Reached XP level 7. HP: 44/62 MP: 6/6
  3659 | D:5      | Entered Level 5 of the Dungeon
  3782 | D:5      | Reached skill level 5 in Maces & Flails
  4323 | D:5      | Noticed Menkaure
  4328 | D:5      | Killed Menkaure
  4542 | D:5      | Reached XP level 8. HP: 33/60 MP: 7/7
  4663 | D:6      | Reached * piety under Trog
  5053 | D:6      | Reached skill level 5 in Shields
  5079 | D:6      | Reached skill level 1 in Stealth
  5834 | D:6      | Noticed a troll
  5837 | D:6      | Noticed a manticore
  5844 | D:6      | Reached XP level 9. HP: 54/77 MP: 8/8
  5851 | D:6      | Killed a manticore
  5868 | D:6      | Killed a troll
  5869 | D:6      | Reached skill level 5 in Fighting
  6053 | D:7      | Noticed a troll
  6066 | D:7      | Killed a troll
  6353 | D:7      | Found a radiant altar of Vehumet.
  6356 | D:7      | Found a sacrificial altar of Ru.
  6356 | D:7      | Found a hide-covered altar of Uskayaw.
  6356 | D:7      | Found a blossoming altar of Fedhas.
  6356 | D:7      | Found a glowing silver altar of Zin.
  6372 | D:7      | Found a basalt altar of Yredelemnul.
  6373 | D:7      | Found a burning altar of Makhleb.
  6401 | D:7      | Reached ** piety under Trog
  6537 | D:7      | Noticed a boulder beetle
  6541 | D:7      | Noticed a boulder beetle
  6542 | D:7      | Noticed a troll
  6544 | D:7      | Noticed a white ugly thing
  6550 | D:7      | Killed a white ugly thing
  6550 | D:7      | Noticed a red ugly thing
  6560 | D:7      | Noticed a cyclops
  6565 | D:7      | Killed a red ugly thing
  6566 | D:7      | Reached XP level 10. HP: 72/87 MP: 9/9
  6572 | D:7      | Identified the orb "Wuohytt" {mayhem, Regen+ Str-2 Int+5}
  6573 | D:7      | Killed a boulder beetle
  6578 | D:7      | Killed a cyclops
  6888 | D:7      | Reached skill level 10 in Armour
  6905 | D:7      | Noticed a manticore
  6915 | D:7      | Killed a manticore
  7188 | D:7      | Identified the +2 shortbow of the Healing Oracle {flame,
                  | rF+}
  7188 | D:7      | Identified the +1 scale mail of Louz {rC++}
  7529 | D:7      | Noticed a two-headed ogre
  7536 | D:7      | Killed a two-headed ogre
  7537 | D:7      | Reached skill level 10 in Maces & Flails
  7884 | D:8      | Reached XP level 11. HP: 88/93 MP: 9/9
  8087 | D:8      | Reached *** piety under Trog
  8123 | D:8      | Noticed Erica
  8140 | D:8      | Slain by Erica

Illustrated notes

Levels and vault maps discovered:
D:1:      pf_arrival_petrified_forest, layout_loops_ring
D:2:      layout_basic, basic_altar, serial_shops, shop, uniq_terence,
          uniq_crazy_yiuf_cottage, uniq_jessica
D:3:      layout_basic, shapermc_ecumenical_altar_mp_urbaneastern, serial_shops,
          shop
D:4:      layout_rooms, minmay_temple_entry_mini_moons, serial_bayou,
          serial_bayou_shore_b, serial_bayou_lagoon_a, serial_bayou_pond_a,
          serial_bayou_pond_a, serial_bayou_lake_a, serial_bayou_pond_a,
          uniq_eustachio
D:5:      layout_loops_ring, uniq_menkaure
D:6:      minmay_chambers_of_sixes, layout_basic
D:7:      minmay_the_grid_octo_tiled_squarecenter [minmay_the_grid_octo_teeth,
          minmay_the_grid_octo_odd_swirl, minmay_the_grid_octo_fat_diamond,
          minmay_the_grid_octo_pinwheel,
          minmay_the_grid_square_5x5_megaprize_open,
          minmay_the_grid_square_5x5_two_walls_a,
          minmay_the_grid_square_5x5_n_small,
          minmay_the_grid_square_5x5_six_small,
          minmay_the_grid_square_5x5_tetrominoes], layout_basic, minitemple
D:8:      layout_cave_pods, minmay_stone_trees_small,
          nicolae_shop_overcharged_wands, uniq_erica
Temple:   eino_wide_crystal_templ

Skill      XL: |  1  2  3  4  5  6  7  8  9 10 |
---------------+-------------------------------+-----
Fighting       | 3 4 5 6 |  6.2
Maces & Flails | 2 3 4 5 7 8 10 | 10.2
Armour         | 4 5 6 8 9 10 | 10.6
Dodging        | 1 2 |  2.6
Shields        | 4 5 6 8 |  8.3
Stealth        | 1 |  1.3
Throwing       | |  0.6

Action                     |  1- 3 |  4- 6 |  7- 9 | 10-12 || total
---------------------------+-------+-------+-------+-------++-------
  Melee: Flail             |    66 |   149 |   251 |   164 ||   630
         Tailslap          |     8 |    19 |    37 |    19 ||    83
         Peck              |       |    13 |    42 |    34 ||    89
  Throw: Boomerang         |       |     5 |       |       ||     5
 Invoke: Berserk           |       |       |     3 |     3 ||     6
    Use: Scroll            |     4 |     2 |     9 |     3 ||    18
         Potion            |     1 |     4 |       |       ||     5
 Armour: Scale mail        |    23 |    49 |       |       ||    72
         Chain mail        |       |    40 |   156 |    62 ||   258
  Dodge: Dodged            |    12 |    52 |    58 |    21 ||   143
  Block: Buckler           |     8 |    44 |    52 |       ||   104
         Tower shield      |       |       |    39 |   127 ||   166
